 Dungeon Crawl Stone Soup version 0.29-a0-1009-g60c99734e7 (webtiles) character file.

Game seed: 17582892813171304293

56 purpskrrrp the Sneak (level 3, -6/31 HPs)
             Began as a Demigod Delver on Aug 8, 2022.
             Mangled by a killer bee (8 damage)
             ... on level 4 of the Dungeon.
             The game lasted 00:01:50 (417 turns).

purpskrrrp the Sneak (Demigod Delver)                Turns: 417, Time: 00:01:51

Health: -6/31      AC:  3    Str: 17    XL:     3   Next: 47%
Magic:  5/5        EV: 12    Int: 12    God:
Gold:   9          SH:  0    Dex: 15    Spells: 2/2 levels left

rFire   . . .      SeeInvis .   a - +0 hand axe
rCold   . . .      Faith    .   (no shield)
rNeg    . . .      Spirit   .   b - +0 leather armour
rPois   .          Reflect  .   (no helmet)
rElec   .          Harm     .   (no cloak)
rCorr   .          Rampage  .   (no gloves)
Will    .....                   (no boots)
Stlth   +++.......              (no amulet)
HPRegen 0.10/turn               (no ring)
MPRegen 0.09/turn               (no ring)

@: no status effects
A: high MP 1, forlorn, divine attributes
a: no special abilities


You were on level 4 of the Dungeon.
You visited 1 branch of the dungeon, and saw 2 of its levels.

You collected 9 gold pieces.

Inventory:

Hand Weapons
 a - a +0 hand axe (weapon)
Armour
 b - a +0 leather armour (worn)
Wands
 g - a wand of digging (3)


   Skills:
 + Level 3.0 Fighting
 * Level 2.7 Axes
 + Level 2.2 Dodging
 + Level 4.8 Stealth


You had 2 spell levels left.
You didn't know any spells.
Your spell library was empty.

Dungeon Overview and Level Annotations

Branches:
Dungeon (5/15)
 Temple: D:4-7

Shops:
D:4 *


Innate Abilities, Weirdness & Mutations

You have an increased reservoir of magic. (+10% MP)
You shall have no god before yourself.
Your divine heritage dramatically boosts your attributes as you level up.


Message History

Found a stone staircase leading up.
You now have 9 gold pieces.
There is a stone staircase leading up here.
Found Qoduewn's Overcharged Wands.
A kobold comes into view. It is wielding a +0 whip.
An iguana comes into view.
The helpless iguana fails to defend itself.
You hit the iguana.
The iguana is lightly wounded.
The iguana bites you!
The kobold shouts!
You hit the iguana.
The iguana is lightly wounded.
You hear an angry buzzing noise.
You hear a shout!
A killer bee comes into view. x2
The iguana bites you!
* * * LOW HITPOINT WARNING * * *
The killer bee buzzes angrily.
As you read the scroll of fear, it crumbles to dust.
You assume a fearsome visage.
The iguana looks frightened!
The killer bee looks frightened! x2
You hear an angry buzzing noise.
A killer bee comes into view.
A kobold comes into view. It is wielding a +2 dagger of venom.
The kobold attacks as you move away! The kobold closely misses you.
As you read the scroll of fog, it crumbles to dust.
The scroll dissolves into smoke.
The killer bee stings you!
* * * LOW HITPOINT WARNING * * *
The killer bee closely misses you.
The kobold throws a stone.
The stone barely misses you. The kobold barely misses you.
The kobold attacks as you move away! The kobold barely misses you.
The killer bee closely misses you. The killer bee barely misses you.
The kobold throws a stone.
The stone barely misses you. The killer bee closely misses you.
The killer bee attacks as you move away!
The killer bee closely misses you. x2
The killer bee attacks as you move away!
The killer bee stings you but does no damage.
The killer bee stings you!
You die...

,,,* #...#...*..#.#*,,**,,*
**,********#...§.∩.,...,**,,**,,*
*,,,,,,,,,....#§§.#.#,,,,,,,,,,*
*,,*********#.§#§#§.#,,,*,,**,**
*,,* #..§§§§.###..,,**,**
*,,***** #####§§.....#,***,,,
*,,,,,,* #K###.###,**,,,,
*,****,* ######.# *..#*,,,,,,,
*,* *,* #...@yy#**,##****,*** *,*
#,* #.####.....# **,* *
**,*###.#####.# #.#.### *,,* *
,,,,..........# #.#.# *,** *
***,###.....####*#.#,# *,* * *,*
#####.#..,,..#,* *,* * *,*
#.#.#**###,* *,* * #.# #.#)##
*,*******,**** #.#
##....#####,,,,,,,,,,,,,


You could see 2 killer bees.

Vanquished Creatures
  2 hounds (D:5)
2 creatures vanquished.

Notes
Turn   | Place    | Note
-------+----------+-------------------------------------------
     0 | D:5      | purpskrrrp the Demigod Delver began the quest for the Orb.
     0 | D:5      | Reached XP level 1. HP: 18/18 MP: 3/3
    11 | D:5      | Noticed a hound
    12 | D:5      | Noticed a hound
    23 | D:5      | Killed a hound
    24 | D:5      | Reached XP level 2. HP: 18/25 MP: 4/4
    64 | D:5      | HP: 1/25 [hound (5)]
    70 | D:5      | Reached XP level 3. HP: 2/31 MP: 5/5
   402 | D:4      | Found Qoduewn's Overcharged Wands.
   412 | D:4      | HP: 1/31 [killer bee (8)]
   417 | D:4      | Mangled by a killer bee

Illustrated notes

Levels and vault maps discovered:
D:4:      layout_loops_ring, nemelex_spade_bored_becter, serial_shops,
          nicolae_square_shop, nicolae_shop_overcharged_wands
D:5:      layout_loops_ring

Skill      XL: |  1  2 |
---------------+-------+-----
Axes           | 2 |  2.7
Dodging        | 2 |  2.2
Fighting       | 3 |  3.0
Stealth        | |  4.8

Action                   || total
-------------------------++-------
Melee: Hand axe          ||    21
  Use: Potion            ||     1
       Scroll            ||     3
 Stab: Sleeping          ||     1
Armor: Leather armour    ||     2
Dodge: Dodged            ||    24

Table legend: (Time is in decaauts)
 A = Elapsed time spent in this place.
 B = Non-inter-level travel time spent in this place.
 C = Inter-level travel time spent in this place.
 D = Time resting spent in this place.
 E = Time spent auto-exploring this place.
 F = Levels seen in this place.
 G = Mean time per level.
                   A        B        C        D        E       F      G
               +--------+--------+--------+--------+--------+-----+--------+
         Total |    402 |    402 |      0 |    271 |     31 |   2 |  201.0 |
       Dungeon |    402 |    402 |      0 |    271 |     31 |   2 |  201.0 |
               +--------+--------+--------+--------+--------+-----+--------+

Top non-repeatable levels by time:
     D:4: 326 daAuts
     D:5: 76 daAuts
